 Dungeon Crawl Stone Soup version 0.26.0-45-g9c1d065592 (webtiles) character file.

Game seed: 7968914765810749119

263493 Cheops the Devastator (level 19, -6/147 HPs)
             Began as a Demigod Earth Elementalist on Jan 26, 2021.
             Killed from afar by a nagaraja (22 damage)
             ... with a lance of force
             ... on level 4 of the Snake Pit on Jan 28, 2021.
             The game lasted 06:46:57 (83632 turns).

Cheops the Devastator (Demigod Earth Elementalist) Turns: 83632, Time: 06:46:58

Health: -6/147     AC: 35    Str: 20    XL:     19   Next: 20%
Magic:  42/42      EV:  6    Int: 36    God:
Gold:   1950       SH: 13    Dex: 14    Spells: 17/46 levels left

rFire    . . .     SeeInvis .   b - +7 dagger of Sulphur {flame, rC+ Int+6}
rCold    + + +     Faith    .   u - +3 buckler
rNeg     + . .     Spirit   .   I - +12 chain mail of Ashenzari's Grace {Str+2 Int+3 Dex+5}
rPois    .         Reflect  +   m - +0 helmet "Wopnoc" {*Contam rC+++ rCorr Dex-5}
rElec    .         Harm     .   R - +2 cloak
rCorr    +         Rampage  .   L - +2 pair of gloves
Will     ++...                  i - +2 pair of boots
Stlth    ..........             E - amulet "Beicof" {Reflect *Slow rC++ rN+ Str+3 SH+5}
HPRegen  0.34/turn              M - ring of willpower
MPRegen  0.28/turn              o - ring "Yfudom" {+Blink rC+ rCorr Dex-2}

@: lethally poisoned (-6 -> -9), constricted
A: high mp 1
a: Evoke Blink


You were on level 4 of the Snake Pit.
You visited 6 branches of the dungeon, and saw 33 of its levels.

You collected 4402 gold pieces.
You spent 2452 gold pieces at shops.

Inventory:

Hand Weapons
 a - the +3 trident "Efyfel" {vorpal, Will++ Stlth-}
   (You found it on level 1 of the Lair of Beasts)

   It inflicts extra damage upon your enemies.
   It affects your willpower, your defense against some magical effects.
   It makes you less stealthy.
 b - the +7 dagger of Sulphur (weapon) {flame, rC+ Int+6}
   (You found it on level 9 of the Dungeon)

   It has been specially enchanted to burn those struck by it, causing extra
   injury to most foes and up to half again as much damage against particularly
   susceptible opponents.
   It affects your intelligence (+6).
   It protects you from cold.
 c - a +2 antimagic dagger
 d - a +4 scimitar of flaming
Missiles
 A - 506 stones
Armour
 i - a +2 pair of boots (worn)
 m - the +0 helmet "Wopnoc" (worn) {*Contam rC+++ rCorr Dex-5}
   (You took it off Robin on level 4 of the Dungeon)

   It affects your dexterity (-5).
   It renders you almost immune to cold.
   It causes magical contamination when unequipped.
   It provides partial protection from all sources of acid and corrosion.
 u - a +3 buckler (worn)
 I - the +12 chain mail of Ashenzari's Grace (worn) {Str+2 Int+3 Dex+5}
   (You bought it in a shop on level 11 of the Dungeon)

   It affects your strength (+2).
   It affects your intelligence (+3).
   It affects your dexterity (+5).
 L - a +2 pair of gloves (worn)
 R - a +2 cloak (worn)
Magical Staves
 e - an uncursed staff of earth
 O - an uncursed staff of fire
Jewellery
 o - the ring "Yfudom" (right hand) {+Blink rC+ rCorr Dex-2}
   (You bought it in a shop on level 2 of the Orcish Mines)

   [ring of resist corrosion]

   It affects your dexterity (-2).
   It protects you from cold.
   It lets you blink.
   It provides partial protection from all sources of acid and corrosion.
 x - an uncursed ring of fire
 z - the amulet of Teywk {RegenMP +Inv Int+4 Dex-2 SInv}
   (You took it off a deep elf blademaster on level 2 of the Elven Halls)

   [amulet of magic regeneration]

   It increases your magic regeneration.
   It affects your intelligence (+4).
   It affects your dexterity (-2).
   It lets you see invisible.
   It lets you turn invisible.
 C - an uncursed ring of positive energy
 D - an uncursed ring of flight
 E - the amulet "Beicof" (around neck) {Reflect *Slow rC++ rN+ Str+3 SH+5}
   (You took it off a spriggan on level 2 of the Swamp)

   [amulet of reflection]

   It shields you and reflects attacks.
   It affects your strength (+3).
   It greatly protects you from cold.
   It protects you from negative energy.
   It may slow you when you take damage.
   It affects your SH (+5).
 G - an uncursed ring of wizardry
 K - the ring "Rusifrae" {+Blink rPois rC+ Str-4}
   (You found it on level 3 of the Swamp)

   [ring of poison resistance]

   It affects your strength (-4).
   It protects you from cold.
   It protects you from poison.
   It lets you blink.
 M - a ring of willpower (left hand)
 P - the ring of Fabyis {Dex+4 SInv Stlth+}
   (You found it on level 2 of the Snake Pit)

   [ring of stealth]

   It affects your dexterity (+4).
   It lets you see invisible.
   It makes you more stealthy.
 V - the ring "Ryixej" {rPois rC+}
   (You took it off an efreet on level 13 of the Dungeon)

   [ring of poison resistance]

   It protects you from cold.
   It protects you from poison.
Wands
 j - a wand of acid (19)
 s - a wand of iceblast (41)
 y - a wand of digging (13)
 B - a wand of polymorph (24)
 S - a wand of enslavement (40)
 X - a wand of paralysis (11)
Scrolls
 f - 4 scrolls of identify
 n - 3 scrolls of teleportation
 p - 5 scrolls of holy word
 v - 3 scrolls of blinking
 w - 10 scrolls of remove curse
 F - 3 scrolls of fog
 Q - 6 scrolls of fear
 W - a scroll of summoning
 Z - 3 scrolls of magic mapping
Potions
 g - 4 potions of brilliance
 k - 8 potions of ambrosia
 l - 3 potions of might
 q - a potion of curing
 r - a potion of resistance
 t - 3 potions of cancellation
 H - 2 potions of mutation
 J - 2 potions of invisibility
 N - 2 potions of magic
 T - 4 potions of heal wounds
 U - 4 potions of haste
 Y - a potion of berserk rage


   Skills:
 - Level 8.1 Fighting
 - Level 10.0 Short Blades
 - Level 10.0 Armour
 - Level 3.0 Dodging
 - Level 1.7 Stealth
 - Level 4.0 Shields
 - Level 14.0 Spellcasting
 + Level 16.1 Conjurations
 - Level 10.0 Transmutations
 - Level 16.0 Earth Magic
 - Level 6.5 Evocations


You had 17 spell levels left.
You knew the following spells:

 Your Spells              Type           Power        Failure   Level
a - Sandblast             Erth           100%         0%          1
b - Stone Arrow           Conj/Erth      100%         1%          3
c - Iron Shot             Conj/Erth      48%          2%          6
d - Lee's Rapid Deconstr  Erth           48%          1%          5
p - Petrify               Tmut/Erth      87%          1%          4
P - Passwall              Tmut/Erth      72%          1%          2
S - Statue Form           Tmut/Erth      58%          8%          6
W - Wereblood             Tmut           77%          1%          2

Your spell library contained the following spells:

 Spells                   Type           Power        Failure   Level
 Magic Dart               Conj           100%         0%          1
 Beastly Appendage        Tmut           100%         1%          1
 Foxfire                  Conj/Fire      100%         1%          1
 Searing Ray              Conj           100%         1%          2
 Conjure Flame            Conj/Fire      70%          1%          3
 Dazzling Flash           Conj/Hex       100%         1%          3
 Mephitic Cloud           Conj/Pois/Air  59%          3%          3
 Bolt of Magma            Conj/Fire/Erth 40%          3%          5
 Spider Form              Tmut/Pois      28%          4%          3
 Fulminant Prism          Conj/Hex       35%          4%          4
 Iskenderun's Mystic Bla  Conj/Tloc      70%          4%          4
 Leda's Liquefaction      Hex/Erth       35%          4%          4
 Blade Hands              Tmut           38%          4%          5
 Ignite Poison            Fire/Tmut/Pois 49%          9%          3
 Corona                   Hex            27%          11%         1
 Summon Small Mammal      Summ           100%         11%         1
 Borgnjor's Vile Clutch   Necr/Erth      35%          11%         5
 Ice Form                 Ice/Tmut       57%          14%         4
 Call Imp                 Summ           25%          16%         2
 Ensorcelled Hibernation  Hex/Ice        50%          16%         2
 Poisonous Vapours        Pois/Air       50%          16%         2
 Slow                     Hex            25%          16%         2
 Confusing Touch          Hex            25%          32%         3
 Gell's Gravitas          Tloc           12%          32%         3
 Inner Flame              Hex/Fire       25%          32%         3
 Portal Projectile        Hex/Tloc       50%          32%         3
 Tukima's Dance           Hex            25%          32%         3
 Yara's Violent Unravell  Hex/Tmut       28%          36%         5
 Conjure Ball Lightning   Conj/Air       35%          52%         6
 Lehudib's Crystal Spear  Conj/Erth      48%          69%         8
 Animate Dead             Necr           12%          71%         4
 Cause Fear               Hex            12%          71%         4
 Freezing Cloud           Conj/Ice/Air   29%          88%         6
 Metabolic Englaciation   Hex/Ice        12%          96%         5
 Silence                  Hex/Air        12%          96%         5
 Death Channel            Necr           12%          100%        6
 Shadow Creatures         Summ           N/A          100%        6
 Simulacrum               Ice/Necr       12%          100%        6
 Haunt                    Necr/Summ      12%          100%        7
 Malign Gateway           Summ/Tloc      12%          100%        7
 Monstrous Menagerie      Summ           12%          100%        7
 Summon Greater Demon     Summ           12%          100%        7
 Borgnjor's Revivificati  Necr           12%          100%        8
 Chain Lightning          Conj/Air       35%          100%        8
 Discord                  Hex            12%          100%        8
 Infestation              Necr           12%          100%        8
 Necromutation            Tmut/Necr      28%          100%        8
 Summon Horrible Things   Summ           12%          100%        8
 Absolute Zero            Ice            12%          100%        9
 Death's Door             Necr           12%          100%        9
 Fire Storm               Conj/Fire      35%          100%        9
 Shatter                  Erth           48%          100%        9


Dungeon Overview and Level Annotations

Branches:
Dungeon (15/15)            Temple (0/1) D:7            Lair (6/6) D:8
  Swamp (3/4) Lair:4        Snake (4/4) Lair:3        Slime (0/5) Lair:5
    Orc (2/2) D:11            Elf (3/3) Orc:2        Vaults (0/5) D:14
 Depths (0/5) D:15

Shops:
D:7 *   D:9 }   D:10 [   D:11 [(?   D:14 [   Orc:2 !=*[   Elf:3 [   Snake:4 :

Annotations:
D:7 3 runed translucent doors, iamoutofideas's ghost, novice DsFE
Lair:4 1 runed translucent door, kaeus's ghost, journeyman MiBe
Lair:5 1 runed translucent door, Hairutzoic's ghost, journeyman MiBe
Elf:1 2 transporters, JustYaKnow's ghost, journeyman MiFi


Innate Abilities, Weirdness & Mutations

You have an increased reservoir of magic. (+10% MP)


Message History

You escape the naga warrior's grasp.
The guardian serpent coils itself and waves its upper body at you.
The guardian serpent blinks!
The nagaraja blinks! x2; The naga warrior blinks!
The salamander mystic blinks!
The nagaraja closely misses you. The nagaraja grabs you.
* * * LOW HITPOINT WARNING * * *
The nagaraja constricts you. The nagaraja spits poison at you.
The splash of poison hits you but does no damage.
You are poisoned.
The guardian serpent hits you but does no damage.
The naga warrior hits you with a +0 trident.
* * * LOW HITPOINT WARNING * * *
The salamander mystic barely misses you.
You block the guardian serpent's attack.
The nagaraja hits you but does no damage.
The nagaraja constricts you. The nagaraja casts a spell at you.
The lance of force hits you!!
You die...

)###.'##)##......#'##.......##..#
...###)..###.....#..#....#.###...
..[...[..###.....#..####..##.#...
....##[.S.##...[.#...[.####.##...
.).).[)[..##[....##..........#...
..##'÷##)[.).....#.#..#......'...
.##....##..[..(..#...##......#...
##SN....##.§...(N#############...
#.SN##...##.§..N@S§..............
..§####...##...NNS§)[<....#......
..##..##...##...§§§).)...........
.##....##...##...................
.#......#....##..................
..............##.................
#........#.....##.........##'#...
##......##..#...##........#..####
.##....##...##.N.##....#..#.#...#


You could see a naga warrior (fast), 2 nagarajas, a salamander mystic and 2
guardian serpents.

Vanquished Creatures
  Jorgrun (Snake:2)
  Rupert (Lair:4)
  A tentacled monstrosity (Swamp:1)
  2 deep elf blademasters
  2 deep elf master archers (Elf:3)
  Frances (Elf:1)
  Kirke (D:12)
  Roxanne (D:14)
  6 nagarajas (Snake:4)
  5 deep elf sorcerers
  Aizul (Snake:4)
  An emperor scorpion (D:15)
  4 deep elf elementalists (Elf:3)
  An emperor scorpion (shapeshifter) (Elf:3)
  Nessos (Orc:2)
  5 deep elf demonologists (Elf:3)
  8 deep elf annihilators (Elf:3)
  Azrael (D:12)
  A dire elephant (D:15)
  The ghost of Pios Xaciraj the Destroyer, a journeyman DgWz (D:14)
  3 bunyips
  5 deep elf death magi
  Snorg (Orc:2)
  A fire dragon (Lair:6)
  Josephine (D:14)
  A deep elf high priest (Elf:3)
  Erolcha (Orc:2)
  A great orb of eyes (D:15)
  5 boulder beetles
  18 hydras
  A ghost crab (Swamp:1)
  4 centaur warriors
  20 naga warriors
  A rakshasa (D:15)
  6 anacondas
  6 alligators
  8 death yaks
  11 two-headed ogres
  18 naga sharpshooters
  2 ogre magi (Orc:2)
  33 dancing weapons
  Urug (D:12)
  An orc high priest (Elf:2)
  10 shock serpents
  19 deep elf knights
  4 spriggans (Swamp:2)
  Nergalle (D:12)
  5 skeletal warriors (D:15)
  2 salamander mystics
  2 unseen horrors (D:11)
  A wizard (D:14)
  2 goliath frogs
  3 swamp dragons
  2 deep trolls
  3 bog bodies
  4 deep elf archers
  2 spriggan druids
  2 naga ritualists
  58 deep elf magi
  An orc knight (Orc:1)
  2 wolf spider zombies
  4 oklob plants (Lair:5)
  3 orc sorcerers (Orc:1)
  12 mana vipers
  13 ugly things
  5 salamanders
  4 will-o-the-wisps
  3 cyclopes
  3 manticores
  17 elephants
  10 guardian serpents
  32 black mambas
  2 gargoyles
  19 naga magi
  12 cane toads
  3 centaur skeletons
  A torpor snail (Lair:3)
  2 efreet
  2 kobold demonologists (D:15)
  2 tengu conjurers (D:13)
  2 ice devils (D:14)
  5 rime drakes
  10 komodo dragons
  A bloated husk (Swamp:1)
  A queen bee (D:13)
  15 trolls
  3 meliai (D:13)
  36 blink frogs
  5 hornets
  A merfolk (D:15)
  8 tyrant leeches
  11 polar bears
  2 raiju (Lair:6)
  21 dream sheep (Lair:6)
  66 yaks
  A vampire (D:12)
  3 wyverns
  5 air elementals
  A water elemental (Elf:3)
  5 wraiths (D:14)
  A shadow (D:15)
  7 basilisks
  A hog (D:12)
  6 fire elementals
  11 vampire mosquitoes
  Menkaure (D:4)
  A steam dragon (Lair:6)
  12 swamp worms
  61 nagas
  8 wargs
  18 hell hounds
  3 soldier ants
  Duvessa (D:4)
  An acid dragon (Lair:6)
  14 water moccasins
  6 sky beasts
  13 black bears
  5 swamp drakes
  An eye of draining (shapeshifter) (D:15)
  An ice beast (D:14)
  An eye of draining (D:12)
  28 ogres
  25 orc warriors
  4 phantoms
  A necrophage (D:10)
  4 boggarts
  37 wolves
  12 centaurs
  Blork the orc (D:4)
  24 bullfrogs
  5 earth elementals
  Dowan (D:4)
  A wyvern skeleton (D:14)
  5 scorpions
  22 killer bees
  29 wights
  6 howler monkeys
  2 centaur zombies
  3 bullfrog zombies
  A wyvern simulacrum (D:15)
  6 hounds
  7 jellies
  19 orc priests
  2 bullfrog skeletons
  19 orc wizards
  Ijyb (D:4)
  6 iguanas
  6 worker ants
  A statue (D:8)
  3 hound skeletons
  2 howler monkey skeletons
  A howler monkey zombie (D:11)
  Robin (D:4)
  4 gnolls (D:2)
  11 adders
  A shadow imp (D:7)
  3 white imps
  3 oozes
  2 adder skeletons
  A worm (D:2)
  2 dart slugs (D:1)
  6 leopard geckos
  95 orcs
  4 bats
  3 giant cockroaches
  13 goblins
  9 hobgoblins
  11 jackals
  5 kobolds
  5 quokkas
  2 ball pythons
  7 frilled lizards
  A leopard gecko skeleton (D:4)
  7 rats
1321 creatures vanquished.

Vanquished Creatures (collateral kills)
  2 wolves (Lair:1)
2 creatures vanquished.

Vanquished Creatures (others)
  A bloated husk (Swamp:1)
  An iguana (Lair:6)
  A bush (Lair:6)
  7 foxfires (Swamp:1)
  72 fungi
  112 plants
194 creatures vanquished.

Grand Total: 1517 creatures vanquished

Notes
Turn   | Place    | Note
-------+----------+-------------------------------------------
     0 | D:1      | Cheops the Demigod Earth Elementalist began the quest for
                  | the Orb.
     0 | D:1      | Reached XP level 1. HP: 14/14 MP: 5/5
   458 | D:1      | Reached XP level 2. HP: 18/22 MP: 7/7
   465 | D:1      | Reached skill level 1 in Fighting
   601 | D:1      | Found a broken altar of Ashenzari.
  1461 | D:2      | Found a basalt altar of Yredelemnul.
  1647 | D:2      | Reached XP level 3. HP: 18/28 MP: 6/8
  1655 | D:2      | Learned a level 3 spell: Stone Arrow
  1802 | D:2      | Reached skill level 1 in Conjurations
  1944 | D:2      | Reached XP level 4. HP: 22/36 MP: 5/9
  2903 | D:3      | Reached XP level 5. HP: 32/41 MP: 10/10
  3620 | D:3      | Learned a level 2 spell: Passwall
  3921 | D:4      | Noticed Duvessa
  3922 | D:4      | Noticed Dowan
  3945 | D:4      | HP: 14/41 [Duvessa/+0 short sword (5)]
  3950 | D:4      | Identified the cursed +0 helmet "Wopnoc" {*Contam rC+++
                  | rCorr Dex-5}
  3950 | D:4      | Noticed Robin
  3952 | D:4      | HP: 11/41 [Robin/goblin (1)]
  4447 | D:4      | Reached XP level 6. HP: 41/48 MP: 2/11
  4558 | D:4      | Noticed Menkaure
  4561 | D:4      | Killed Menkaure
  4562 | D:4      | Reached skill level 5 in Earth Magic
  4692 | D:4      | Killed Duvessa
  4694 | D:4      | Killed Dowan
  4695 | D:4      | Reached XP level 7. HP: 53/55 MP: 2/14
  4955 | D:4      | Noticed Ijyb
  4969 | D:4      | Killed Ijyb
  5078 | D:4      | Noticed Blork the orc
  5083 | D:4      | Killed Blork the orc
  5092 | D:4      | Killed Robin
  5240 | D:4      | You fall into a shaft and drop 3 floors!
  5306 | D:7      | Learned a level 5 spell: Lee's Rapid Deconstruction
  5421 | D:6      | Found a shimmering blue altar of Sif Muna.
  5594 | D:6      | HP: 18/55 [centaur/arrow (11)]
  5599 | D:6      | HP: 9/55 [centaur (6)]
  5978 | D:6      | Reached XP level 8. HP: 55/61 MP: 1/15
  6262 | D:6      | Reached skill level 1 in Transmutations
  6296 | D:6      | Learned a level 4 spell: Petrify
  6833 | D:5      | Entered Level 5 of the Dungeon
  7602 | D:5      | Found a shadowy altar of Dithmenos.
  7950 | D:5      | Reached skill level 5 in Transmutations
  8213 | D:5      | Found a hazy altar of Hepliaklqana.
  8266 | D:5      | Got a dull robe
  8321 | D:5      | Identified the cursed +0 robe of Hospitality {Will+} (You
                  | found it on level 5 of the Dungeon)
  8590 | D:7      | Found a staircase to the Ecumenical Temple.
  8593 | D:7      | Found a runed translucent gate.
  8607 | D:7      | Reached skill level 1 in Shields
  8758 | D:7      | Found a runed translucent gate.
  8758 | D:7      | Found a runed translucent gate.
  8760 | D:7      | Found an opulent altar of Gozag.
  8762 | D:7      | Noticed iamoutofideas's ghost (novice DsFE)
  9043 | D:7      | Reached XP level 9. HP: 67/67 MP: 7/18
  9122 | D:7      | Found Kousot's Mayhem Merchandise.
  9484 | D:8      | Found a bloodstained altar of Trog.
  9484 | D:8      | Found an iron altar of Okawaru.
  9489 | D:8      | Found an ornate altar of the Wu Jian Council.
  9498 | D:8      | Found a faded altar of an unknown god.
  9499 | D:8      | Found a faded altar of an unknown god.
  9551 | D:8      | Found a sparkling altar of Nemelex Xobeh.
  9927 | D:8      | Found a radiant altar of Vehumet.
 10077 | D:8      | Reached skill level 5 in Spellcasting
 10740 | D:8      | Found a staircase to the Lair.
 10919 | D:6      | Learned a level 2 spell: Wereblood
 12024 | D:9      | Found Vunammad's Gadget Emporium.
 12231 | D:9      | Found a shimmering altar of Xom.
 12232 | D:9      | Found a shimmering altar of Xom.
 12233 | D:9      | Found a shimmering altar of Xom.
 12233 | D:9      | Found a shimmering altar of Xom.
 12806 | D:9      | Got a jewelled dagger
 12807 | D:9      | Identified the +7 dagger of Sulphur {flame, rC+ Int+6} (You
                  | found it on level 9 of the Dungeon)
 12920 | D:10     | Entered Level 10 of the Dungeon
 12923 | D:10     | Reached skill level 1 in Short Blades
 12923 | D:10     | Reached skill level 10 in Earth Magic
 12924 | D:10     | Reached XP level 10. HP: 47/73 MP: 5/21
 13221 | D:10     | Found Paveteps's Armour Emporium.
 13477 | D:10     | Reached skill level 5 in Short Blades
 13759 | D:10     | HP: 25/73 [yak (13)]
 13767 | D:10     | Noticed a two-headed ogre
 13791 | D:10     | Killed a two-headed ogre
 14810 | D:10     | Bought a +0 pair of gloves for 67 gold pieces
 15073 | D:11     | Noticed a manticore
 15076 | D:11     | Killed a manticore
 15245 | D:11     | Found Fiehyqups's Armour Shop.
 15247 | D:11     | Found a staircase to the Orcish Mines.
 15370 | D:11     | Found Beafiab's Weapon Shop.
 15520 | D:11     | Found Xorchoomu's Magic Scroll Boutique.
 15665 | D:11     | Bought a scroll of identify for 26 gold pieces
 15665 | D:11     | Bought a scroll of identify for 26 gold pieces
 15665 | D:11     | Bought a scroll of fear for 45 gold pieces
 15684 | D:11     | HP: 29/73 [something (6)]
 15702 | D:11     | HP: 27/73 [something (4)]
 15993 | Lair:1   | Entered Level 1 of the Lair of Beasts
 16043 | Lair:1   | Reached XP level 11. HP: 79/79 MP: 12/22
 16044 | Lair:1   | Noticed an eight-headed hydra
 16362 | D:11     | Noticed a six-headed hydra
 16376 | D:11     | Killed a six-headed hydra
 16497 | D:11     | Killed an unseen horror
 16791 | D:11     | Killed an unseen horror
 16792 | D:11     | Reached skill level 10 in Short Blades
 16971 | D:12     | Noticed a boulder beetle
 16984 | D:12     | Killed a boulder beetle
 17022 | D:12     | Noticed Nergalle
 17056 | D:12     | Killed Nergalle
 17179 | D:12     | Noticed Azrael
 17186 | D:12     | HP: 30/79 [hell hound/blast of flame[Azrael] (12)]
 17779 | D:12     | Noticed Urug
 18148 | D:12     | Killed Urug
 18313 | D:12     | HP: 18/79 [Azrael/damnation (45)]
 18318 | D:12     | Killed Azrael
 18657 | D:12     | Noticed Kirke
 18663 | D:12     | Killed Kirke
 18664 | D:12     | Reached skill level 5 in Evocations
 19342 | D:13     | Noticed a deep elf mage
 19358 | D:13     | Killed a deep elf mage
 19452 | D:13     | Noticed a centaur warrior
 19520 | D:12     | Killed a centaur warrior
 19521 | D:12     | Reached XP level 12. HP: 56/85 MP: 11/23
 19684 | D:13     | HP: 33/85 [killer bee (3)]
 19690 | D:12     | HP: 34/85 [poisoned by a killer bee]
 20067 | D:13     | Noticed a centaur warrior
 20071 | D:13     | Killed a centaur warrior
 21062 | D:13     | Noticed a boulder beetle
 21083 | D:13     | Killed a boulder beetle
 21237 | D:13     | Identified the ring "Ryixej" {rPois rC+}
 21845 | D:13     | Got an ichor-stained scale mail
 21857 | D:13     | Identified the +0 scale mail of Whack-A-Mole {*Corrode
                  | Will++} (You found it on level 13 of the Dungeon)
 21924 | Orc:1    | Entered Level 1 of the Orcish Mines
 21927 | Orc:1    | HP: 31/85 [orc sorcerer/bolt of fire (39)]
 22866 | Orc:2    | Entered Level 2 of the Orcish Mines
 23048 | Orc:2    | HP: 16/85 [ogre/+0 giant club (30)]
 23488 | Orc:1    | HP: 24/85 [deep troll (14)]
 23494 | Orc:1    | Reached XP level 13. HP: 27/91 MP: 8/24
 23947 | D:14     | Noticed Roxanne
 23953 | D:14     | Killed Roxanne
 24004 | D:14     | HP: 35/91 [boulder beetle (20)]
 24304 | D:14     | HP: 36/91 [red ugly thing (6)]
 24310 | D:14     | HP: 51/136 [acid (4)]
 24321 | D:14     | Reached skill level 15 in Earth Magic
 24431 | D:14     | Noticed Josephine
 24439 | D:14     | Found Wihe's Armour Shop.
 24802 | D:14     | Found a runed translucent door.
 24802 | D:14     | Found a shimmering altar of Xom.
 24802 | D:14     | Noticed Pios Xaciraj's ghost (journeyman DgWz)
 24980 | D:14     | Found a gate to the Vaults.
 25036 | D:14     | Killed Josephine
 25397 | D:14     | HP: 25/91 [komodo dragon (14)]
 25404 | D:14     | HP: 14/91 [komodo dragon (12)]
 25406 | D:14     | HP: 2/91 [komodo dragon (12)]
 25484 | D:14     | HP: 25/91 [centaur warrior/arrow (14)]
 25490 | D:14     | HP: 18/91 [centaur warrior (8)]
 26308 | D:14     | Killed Pios Xaciraj's ghost
 26313 | D:14     | HP: 34/91 [+0 battleaxe of chaos (34)]
 26317 | D:14     | HP: 16/91 [+0 battleaxe of chaos (11)]
 26321 | D:14     | HP: 6/91 [+0 battleaxe of chaos (4)]
 26552 | D:14     | Got a pitted hand crossbow
 26820 | Lair:1   | HP: 29/91 [eight-headed hydra (15)]
 26831 | Lair:1   | HP: 24/91 [wolf (8)]
 26864 | Lair:1   | HP: 22/91 [eight-headed hydra (10)]
 26864 | Lair:1   | HP: 7/91 [eight-headed hydra (7)]
 27504 | D:8      | Learned a level 6 spell: Iron Shot
 28575 | Lair:1   | Got a fine trident
 28576 | Lair:1   | Identified the cursed +3 trident "Efyfel" {vorpal, Will++
                  | Stlth-} (You found it on level 1 of the Lair of Beasts)
 29087 | Lair:2   | Reached skill level 5 in Conjurations
 29860 | Lair:2   | Got a distressingly furry scale mail
 29871 | Lair:2   | Identified the +1 scale mail of Inquiry {Str+3 Stlth+} (You
                  | found it on level 2 of the Lair of Beasts)
 29893 | Lair:3   | Found a staircase to the Snake Pit.
 30583 | Lair:3   | Reached XP level 14. HP: 86/99 MP: 6/27
 30597 | Lair:3   | HP: 39/99 [poisoned by a guardian serpent (bolt of poison)]
 30603 | Lair:3   | HP: 39/99 [poisoned by a guardian serpent (bolt of poison)]
 30611 | Lair:3   | HP: 39/99 [poisoned by a guardian serpent (bolt of poison)]
 31388 | Lair:3   | HP: 37/99 [seven-headed hydra (16)]
 31388 | Lair:3   | HP: 18/99 [seven-headed hydra (5)]
 33442 | Lair:4   | Noticed Rupert
 33450 | Lair:4   | Killed Rupert
 33535 | Lair:4   | Found a runed translucent door.
 33537 | Lair:4   | Identified the cursed +1 spear "Tarhouj" {freeze, rF+++
                  | Int+3}
 34310 | Lair:4   | Reached skill level 10 in Conjurations
 35082 | Lair:4   | Found a staircase to the Swamp.
 35536 | Lair:4   | Noticed kaeus's ghost (journeyman MiBe)
 35860 | D:11     | Bought the +12 chain mail of Ashenzari's Grace {Str+2 Int+3
                  | Dex+5} for 1202 gold pieces
 36218 | Lair:5   | Found a runed translucent door.
 36223 | Lair:5   | Found a staircase to the Slime Pits.
 36223 | Lair:5   | Found a viscous altar of Jiyva.
 36257 | Lair:5   | Reached skill level 1 in Armour
 37322 | Lair:5   | Noticed Hairutzoic's ghost (journeyman MiBe)
 37967 | Lair:6   | Entered Level 6 of the Lair of Beasts
 38208 | Lair:5   | Reached skill level 5 in Armour
 39218 | Lair:5   | HP: 34/99 [yak (8)]
 39224 | Lair:5   | HP: 31/99 [poisoned by a black mamba]
 39230 | Lair:5   | HP: 28/99 [poisoned by a black mamba]
 39235 | Lair:5   | HP: 28/99 [poisoned by a black mamba]
 39242 | Lair:5   | HP: 28/99 [poisoned by a black mamba]
 39250 | Lair:5   | HP: 28/99 [poisoned by a black mamba]
 39797 | Lair:5   | Reached XP level 15. HP: 53/104 MP: 7/28
 40196 | Lair:5   | HP: 41/104 [poisoned by a water moccasin]
 40203 | Lair:5   | HP: 41/104 [poisoned by a water moccasin]
 43838 | Lair:6   | Reached skill level 10 in Armour
 44175 | Lair:6   | HP: 38/104 [death yak (18)]
 44184 | Lair:6   | HP: 1/104 [death yak (23)]
 46733 | Orc:1    | HP: 41/104 [two-headed ogre/+0 dire flail (7)]
 46733 | Orc:1    | HP: 12/104 [two-headed ogre/+0 dire flail (13)]
 47425 | Orc:2    | Found Dufepac's Antique Armour Shoppe.
 47434 | Orc:2    | Found Ygearilu's Assorted Antiques.
 47440 | Orc:2    | Found Ralocaw's Distillery.
 47521 | Orc:2    | Found Sofuagas's Jewellery Shoppe.
 47527 | Orc:2    | Found a staircase to the Elven Halls.
 47546 | Orc:2    | Found a bloodstained altar of Trog.
 47606 | Orc:2    | Noticed Erolcha
 47613 | Orc:2    | Killed Erolcha
 47919 | Orc:2    | Noticed Nessos
 47927 | Orc:2    | Killed Nessos
 47933 | Orc:2    | HP: 41/104 [poisoned by Nessos]
 47938 | Orc:2    | HP: 34/104 [poisoned by Nessos]
 47943 | Orc:2    | HP: 29/104 [poisoned by Nessos]
 47948 | Orc:2    | HP: 26/104 [poisoned by Nessos]
 47954 | Orc:2    | HP: 24/104 [poisoned by Nessos]
 47959 | Orc:2    | HP: 23/104 [poisoned by Nessos]
 47966 | Orc:2    | HP: 23/104 [poisoned by Nessos]
 47974 | Orc:2    | HP: 23/104 [poisoned by Nessos]
 48378 | Orc:2    | Noticed Snorg
 48384 | Orc:2    | Killed Snorg
 48905 | Orc:1    | Found a roughly hewn altar of Beogh.
 49079 | Orc:1    | Found a roughly hewn altar of Beogh.
 49369 | Orc:2    | Bought an uncursed ring of wizardry for 450 gold pieces
 49381 | Orc:2    | Bought the ring "Yfudom" {+Blink rC+ rCorr Dex-2} for 552
                  | gold pieces
 49525 | D:15     | Entered Level 15 of the Dungeon
 50886 | D:15     | Reached XP level 16. HP: 111/111 MP: 18/32
 51582 | D:15     | Upgraded the game from 0.26.0-41-g79a4fc7684 to
                  | 0.26.0-45-g9c1d065592
 52204 | D:15     | Found a sacrificial altar of Ru.
 52346 | D:15     | Found a staircase to the Depths.
 52358 | D:15     | HP: 43/111 [poisoned by an emperor scorpion]
 53571 | Snake:1  | Entered Level 1 of the Snake Pit
 55434 | Snake:1  | Reached skill level 10 in Spellcasting
 56052 | Snake:1  | Learned a level 6 spell: Statue Form
 56074 | Snake:2  | Noticed Jorgrun
 56252 | Snake:2  | Killed Jorgrun
 57532 | D:11     | Bought a scroll of teleportation for 39 gold pieces
 57610 | Orc:2    | Bought a scroll of teleportation for 45 gold pieces
 58691 | Snake:2  | Got a faintly glowing granite ring
 59149 | Snake:2  | Identified the ring of Fabyis {Dex+4 SInv Stlth+} (You
                  | found it on level 2 of the Snake Pit)
 61787 | Snake:3  | Reached skill level 10 in Transmutations
 62905 | Snake:3  | Reached XP level 17. HP: 103/123 MP: 11/36
 63281 | Swamp:1  | Entered Level 1 of the Swamp
 63629 | Swamp:1  | Reached skill level 5 in Fighting
 64014 | Swamp:1  | Noticed a tentacled monstrosity
 64030 | Swamp:1  | Killed a tentacled monstrosity
 65142 | Swamp:2  | Identified the amulet "Beicof" {Reflect *Slow rC++ rN+
                  | Str+3 SH+5}
 66010 | Swamp:2  | Found an opulent altar of Gozag.
 66768 | Swamp:3  | HP: 66/174 [alligator[a spriggan druid] (18)]
 67397 | Swamp:3  | Got a warped ivory ring
 67621 | Swamp:3  | Identified the ring "Rusifrae" {+Blink rPois rC+ Str-4}
                  | (You found it on level 3 of the Swamp)
 67975 | Elf:1    | Entered Level 1 of the Elven Halls
 68100 | Elf:1    | Found a transporter.
 68180 | Elf:1    | Noticed Frances
 68186 | Elf:1    | Killed Frances
 69625 | Elf:1    | Found a transporter.
 69626 | Elf:1    | Noticed JustYaKnow's ghost (journeyman MiFi)
 70041 | Elf:1    | Identified the Reference Book on Creative Confrontation
 71530 | Elf:2    | Found a runed translucent door.
 71575 | Elf:2    | Found a runed translucent door.
 73038 | Elf:2    | Reached XP level 18. HP: 141/141 MP: 17/39
 74070 | Elf:3    | Entered Level 3 of the Elven Halls
 74666 | Elf:3    | Found Imastul's Armour Shop.
 75070 | Elf:3    | Identified the +9 trident "Neir" {flame, rPois Will+}
 75850 | Elf:3    | Identified the +5 scale mail of Baldness {Regen+ Int+3}
 75850 | Elf:3    | Identified the amulet of Teywk {RegenMP +Inv Int+4 Dex-2
                  | SInv}
 76226 | Elf:3    | Identified the +1 falchion of Conflict {flame, rN+ MP+9}
 76228 | Elf:3    | Identified the +5 falchion "Obu Lono" {venom, +Rage}
 76230 | Elf:3    | Identified the cursed +1 fire dragon scales of Precision
                  | Catastrophes {rPois rF++ rC- Str+3 Int-4 Slay+2}
 76809 | Elf:3    | Identified the +2 ring mail "Fetepne" {Harm rF- Dex+2}
 76813 | Elf:3    | Reached skill level 15 in Conjurations
 77196 | Elf:3    | Found a radiant altar of Vehumet.
 78231 | Snake:4  | Entered Level 4 of the Snake Pit
 78248 | Snake:4  | Noticed Aizul
 78331 | Snake:4  | Killed Aizul
 78920 | Snake:4  | Identified Sif Muna's Volume of the Entourage and Fire
 79902 | Snake:4  | Found Peaqen's Book Shoppe.
 81067 | Snake:4  | Reached XP level 19. HP: 96/147 MP: 1/42
 83620 | Snake:4  | HP: 57/147 [nagaraja/+0 spear (3)]
 83625 | Snake:4  | HP: 38/147 [poisoned by a nagaraja (splash of poison)]
 83626 | Snake:4  | HP: 16/147 [nagaraja/+0 spear (5)]
 83632 | Snake:4  | HP: 18/147 [nagaraja/+0 spear (4)]
 83632 | Snake:4  | Killed from afar by a nagaraja

Illustrated notes

Levels and vault maps discovered:
D:1:      kilobyte_arrival_exit_the_forest, layout_basic, ashenzari_altar_1
D:2:      layout_basic, lemuel_round_altar, bh_walls_and_bars
D:3:      layout_basic
D:4:      layout_loops_ring, uniq_robin, uniq_duvessa, uniq_ijyb,
          uniq_blork_the_orc, uniq_menkaure
D:5:      layout_loops_ring, nicolae_overflow_hidden_temple,
          nicolae_dithmenos_through_a_glass_darkly
D:6:      layout_basic, overflow_temple_1_default
D:7:      layout_loops_ring, minmay_temple_entry_stoned_glass,
          ebering_ghost_gozag, minmay_shop_mayhem
D:8:      layout_loops_ring, vehumet_statue, nemelex_xobeh_ov_fountains_minmay,
          chequers_temple_overflow_minitemple, lair_entry_dummy
D:9:      layout_loops_corners, xom_redecorated, serial_shops, shop,
          kennysheep_crisscross, minivault_11
D:10:     layout_loops_ring, serial_shops, shop, chequers_serial_rivers_small_b,
          grunt_ogre_cave, minmay_misc_feat_roman, grunt_potential
D:11:     layout_irregular_city, orc_david_3, serial_shops, nicolae_shop_crystal
D:12:     layout_layer_cave, uniq_nergalle, uniq_azrael, uniq_urug, uniq_kirke
D:13:     layout_roguey [special_room_bee], nrook_campfire,
          chequers_serial_rivers_small_b, minmay_fractal_squares_gapless_7
D:14:     layout_loops_corners, david_vaults_1, serial_shops,
          nicolae_shop_window_shopping, portal_ice_cave_demonic_guard,
          ebering_ghost_xom, uniq_roxanne, uniq_josephine
D:15:     hangedman_depths_entry_try_elsewhere_first, layout_long_grid,
          nicolae_ru_the_path_less_chosen, special_room [special_room_orc]
Lair:1:   layout_regular_city
Lair:2:   layout_cave_pods
Lair:3:   layout_regular_city, minmay_snake_entry_spellcaster,
          chequers_serial_rivers_marsh, grunt_forest_small_clearings
Lair:4:   layout_cave_pods, palyth_hydra_swamp_entry,
          ebering_ghost_funeral_grove, serial_rivers,
          chequers_serial_rivers_small_b, chequers_serial_rivers_room_b,
          chequers_serial_rivers_micro_d, chequers_serial_rivers_micro_c,
          minivault_26, serial_bayou_shore_a, uniq_rupert
Lair:5:   layout_long_grid, slime_altar_1, ebering_ghost_reflecting_pool,
          minmay_lair_oklob_chamber
Lair:6:   hangedman_lair_caniforms_friends, layout_loops_ring,
          guppyfry_lair_end_dragon, serial_bayou_crossing, grunt_megastairs_1
Swamp:1:  cheibrodos_swamp_monstrosity, layout_basic_swamp,
          infiniplex_staircase_pool, swamp_pool2
Swamp:2:  layout_falls_marsh, basic_altar, swamp_pool1
Swamp:3:  layout_basic_swamp, hangedman_swamp_pad, swamp_pool1
Snake:1:  layout_chambers, st_stairs_8
Snake:2:  layout_honeycomb, hangedman_venom_bottle, uniq_jorgrun
Snake:3:  layout_onion_interference, grunt_megastairs_3
Snake:4:  johnstein_snake_rune_scales, layout_cave_town, serial_shops,
          nicolae_shop_window_shopping, drop_trap, uniq_aizul
Orc:1:    layout_diamond_mine, basic_altar, lightli_volcano_entry_magma_tube,
          mines2_david
Orc:2:    st_orc_open, layout_caves, trog_book, uniq_erolcha, uniq_snorg,
          uniq_nessos
Elf:1:    eino_elf_arrival_sip, layout_geoelf_grid,
          gammafunk_ghost_berserking_beasts, minmay_elf_sorcery, uniq_frances
Elf:2:    layout_gridlike
Elf:3:    grunt_elf_hall_asides, layout_gridlike, basic_altar, serial_shops,
          shop

Skill      XL: |  1  2  3  4  5  6  7  8  9 10 11 12 13 14 15 16 17 18 19 |
---------------+----------------------------------------------------------+-----
Spellcasting   | 2 3 4 5 6 7 10 12 14 | 14.0
Dodging        | 2 3 |  3.0
Fighting       | 1 2 4 8 |  8.1
Conjurations   | 1 2 3 6 10 12 13 15 16 | 16.1
Earth Magic    | 3 4 5 7 8 10 11 14 16 | 16.0
Transmutations | 5 10 | 10.0
Shields        | 2 4 |  4.0
Short Blades   | 1 8 10 | 10.0
Evocations     | 6 |  6.5
Armour         | 6 10 | 10.0
Stealth        | |  1.7

Action                   |  1- 3 |  4- 6 |  7- 9 | 10-12 | 13-15 | 16-18 | 19-21 || total
-------------------------+-------+-------+-------+-------+-------+-------+-------++-------
Melee: Short sword       |   102 |   100 |    27 |       |       |       |       ||   229
       Unarmed           |     7 |       |       |       |       |       |       ||     7
       Halberd           |       |       |    62 |       |       |       |       ||    62
       Long sword        |       |       |    18 |       |       |       |       ||    18
       Dagger            |       |       |       |   178 |   214 |   215 |     5 ||   612
       Staff             |       |       |       |       |    51 |       |       ||    51
       Scimitar          |       |       |       |       |       |    13 |       ||    13
       Trident           |       |       |       |       |       |    25 |       ||    25
 Cast: Sandblast         |    25 |    38 |    60 |    77 |   254 |    88 |     1 ||   543
       Stone Arrow       |     2 |    22 |   147 |   212 |   232 |    76 |     6 ||   697
       Lee's Rapid Decon |       |       |    14 |    62 |   119 |   112 |       ||   307
       Petrify           |       |       |       |    14 |     8 |    64 |     2 ||    88
       Passwall          |       |       |       |     1 |     8 |    11 |     4 ||    24
       Iron Shot         |       |       |       |       |   237 |   487 |    77 ||   801
       Wereblood         |       |       |       |       |     1 |     2 |       ||     3
       Statue Form       |       |       |       |       |       |    24 |       ||    24
 Abil: End Transformatio |       |       |       |       |       |     8 |       ||     8
Evoke: Wand              |       |       |       |       |    15 |     2 |       ||    17
  Use: Scroll            |       |    13 |     5 |    10 |    18 |    10 |     2 ||    58
       Potion            |       |       |       |     4 |     7 |     2 |     1 ||    14
 Stab: Sleeping          |     4 |     2 |     1 |     1 |       |       |       ||     8
       Petrified         |       |       |       |     6 |       |    61 |     2 ||    69
       Petrifying        |       |       |       |     2 |       |     3 |       ||     5
       Paralysed         |       |       |       |       |     3 |       |       ||     3
Armor: Robe              |    35 |     3 |     6 |       |       |       |       ||    44
       Leather armour    |       |    23 |    45 |    19 |   165 |       |       ||   252
       Troll leather arm |       |       |       |    47 |       |       |       ||    47
       Scale mail        |       |       |       |     1 |       |       |       ||     1
       Chain mail        |       |       |       |       |    25 |   210 |    38 ||   273
       Skin              |       |       |       |       |       |   130 |       ||   130
Dodge: Dodged            |   117 |   101 |    93 |   112 |   281 |   199 |    18 ||   921
Block: Buckler           |       |       |     7 |   102 |   424 |   376 |    38 ||   947
       Reflection        |       |       |       |     4 |    17 |    64 |     9 ||    94
       Rpst.: Long sword |       |       |     7 |       |       |       |       ||     7
       Scimitar          |       |       |       |       |       |     1 |       ||     1
